 Dungeon Crawl Stone Soup version 0.22.1-1-ga44c0e5 (webtiles) character file.

3388 MalarOregon the Carver (level 9, 0/74 HPs)
             Began as a Minotaur Fighter on Sept 25, 2018.
             Killed from afar by an electric eel (6 damage)
             ... with a bolt of electricity
             ... on level 7 of the Dungeon.
             The game lasted 00:16:08 (8241 turns).

MalarOregon the Carver (Minotaur Fighter)           Turns: 8241, Time: 00:16:09

Health: 0/74       AC: 13    Str: 26    XL:     9   Next: 74%
Magic:  8/8        EV: 10    Int: 12    God:
Gold:   351        SH: 11    Dex: 10    Spells: 8/8 levels left

rFire    . . .     SeeInvis .   a - +0 long sword
rCold    . . .     Gourm    .   c - +1 shield
rNeg     . . .     Faith    .   r - +6 ring mail of Midsummer {Str+2 Int+2}
rPois    +         Spirit   .   (helmet restricted)
rElec    .         Reflect  .   (no cloak)
rCorr    .         Harm     .   n - +0 pair of gloves
MR       .....                  (no boots)
Stlth    ..........             w - amulet of the acrobat
HPRegen  0.22/turn              m - ring of flight
MPRegen  0.11/turn              i - ring of poison resistance

@: brilliant, very slow
A: retaliatory headbutt, horns 2
a: Evoke Flight


You were on level 7 of the Dungeon.
You were hungry.

You visited 2 branches of the dungeon, and saw 8 of its levels.

You collected 351 gold pieces.

Inventory:

Hand Weapons
 a - a +0 long sword (weapon)
 p - the cursed +3 whip of Poddeirr {freeze, rElec rPois rN+ Str+3, unknown}
   (You found it on level 4 of the Dungeon)

   It has been specially enchanted to freeze those struck by it, causing extra
   injury to most foes and up to half again as much damage against particularly
   susceptible opponents.
   It can also slow down cold-blooded creatures.
   It affects your strength (+3).
   It insulates you from electricity.
   It protects you from poison.
   It protects you from negative energy.
   It has a curse placed upon it.
 x - a +4 short sword of draining
   (You took it off Duvessa on level 5 of the Dungeon)
Missiles
 o - 11 tomahawks (quivered)
 C - 2 steel tomahawks
Armour
 c - a +1 shield (worn)
 n - a +0 pair of gloves (worn)
   (You found it on level 3 of the Dungeon)
 r - the +6 ring mail of Midsummer (worn) {Str+2 Int+2}
   (You found it on level 4 of the Dungeon)

   It affects your strength (+2).
   It affects your intelligence (+2).
Jewellery
 i - a ring of poison resistance (right hand)
   (You found it on level 4 of the Dungeon)
 m - a ring of flight (left hand)
   (You found it on level 3 of the Dungeon)
 w - an amulet of the acrobat (around neck)
   (You found it on level 6 of the Dungeon)
Wands
 u - a wand of paralysis (17)
   (You found it on level 7 of the Dungeon)
 v - a wand of digging (17)
   (You took it off Dowan on level 5 of the Dungeon)
Scrolls
 d - a scroll of identify {@r1}
 f - 5 scrolls of teleportation {@r4}
 g - a scroll of enchant armour
 h - a scroll of immolation {!r}
 l - 4 scrolls of amnesia
 y - 3 scrolls of enchant weapon {unknown}
Potions
 b - a potion of brilliance
 k - a potion of cancellation {unknown}
 q - a potion of curing {@q1}
 s - a potion of mutation {unknown}
 t - a potion of agility
 z - a potion of lignification {!q}
 D - a potion of might
Comestibles
 e - 13 rations {!d}
 j - 7 chunks of flesh


   Skills:
 + Level 5.1 Fighting
 - Level 14.0 Long Blades
 + Level 2.6 Throwing
 + Level 5.1 Armour
 + Level 3.1 Dodging
 + Level 5.0 Shields


You had 8 spell levels left.
You didn't know any spells.
Your spell library was empty.

Dungeon Overview and Level Annotations

Branches:
Dungeon (7/15)             Temple (1/1) D:6

Altars:
Ashenzari
Cheibriados
Elyvilon
Fedhas
Gozag
Hepliaklqana
Makhleb
Okawaru
Qazlal
Ru
Sif Muna
Uskayaw
Vehumet
Wu Jian
Xom
Zin
The Shining One
Lugonu

Shops:
D:4 (


Innate Abilities, Weirdness & Mutations

You reflexively headbutt those who attack you in melee.
You have a pair of horns on your head.


Message History

The shadow imp hits the plant.
The electric eel shoots out a bolt of lightning at you!
The bolt of electricity hits the plant.
The bolt of electricity hits you!
The shadow imp hits the plant.
The electric eel shoots out a bolt of lightning at you!
The bolt of electricity hits you!
The shadow imp hits the plant but does no damage.
You slash the electric eel! Your headbutt misses the electric eel.
The shadow imp splashes around in the water.
Your unstable footing causes you to fumble your attack.
The electric eel shoots out a bolt of lightning at you!
The bolt of electricity hits the plant.
The bolt of electricity hits you!
* * * LOW HITPOINT WARNING * * *
Unknown command.
You hit the electric eel but do no damage.
The shadow imp splashes around in the water.
Your unstable footing causes you to fumble your attack.
The shadow imp hits the plant but does no damage.
You barely miss the electric eel. You headbutt the electric eel.
You kill the electric eel!
You hear a splash.
The electric eel shoots out a bolt of lightning at you!
The bolt of electricity hits the plant.
The plant is destroyed!
The bolt of electricity hits you!
* * * LOW HITPOINT WARNING * * *
Unknown command.
The shadow imp splashes around in the water.
The electric eel shoots out a bolt of lightning at you!
The bolt of electricity hits you!
* * * LOW HITPOINT WARNING * * *
The shadow imp gestures at you.
You struggle to resist.
Some of the chunks of flesh in your inventory have rotted away.
You closely miss the electric eel. Your headbutt misses the electric eel.
The electric eel shoots out a bolt of lightning at you!
The bolt of electricity hits you!
* * * LOW HITPOINT WARNING * * *
The shadow imp splashes around in the water.
You feel better.
The electric eel shoots out a bolt of lightning at you!
The bolt of electricity hits you!
* * * LOW HITPOINT WARNING * * *
You block the shadow imp's attack.
Unknown command.
It was a potion of brilliance.
You feel clever all of a sudden.
The electric eel shoots out a bolt of lightning at you!
The bolt of electricity hits you!
You die...

♣≈♣≈≈♣ ♣♣. .. P♣≈PP≈≈
≈≈♣♣≈.# ≈≈≈≈P≈≈♣≈≈P♣≈.
≈≈≈≈≈≈≈P♣≈≈≈♣♣
≈≈≈≈≈≈≈P≈≈P≈≈♣♣ ...#
≈≈≈≈≈≈≈P≈≈≈≈≈≈♣ ...#
≈≈≈≈≈≈;≈PPP≈≈≈♣ ...
≈≈≈≈≈≈5@≈P≈♣P≈♣ #...
≈≈≈≈≈≈PP♣≈≈≈≈♣♣######.#
≈≈≈≈≈≈PP≈♣≈†♣♣...>..#.#
P≈≈≈≈≈PP≈≈≈♣≈≈#####.#.##
≈≈P≈≈≈≈♣P♣P≈≈## #.....
P♣♣≈♣≈≈♣♣♣♣#.# ###.##
♣≈≈♣P♣ #.# #.# ## .. #.#
#.# #. #.# #.#


You could see an electric eel and a shadow imp.

Vanquished Creatures
  Sigmund (D:5)
  6 yaks
  Duvessa (D:5)
  An orc warrior (D:7)
  2 ogres
  An ice beast (D:7)
  A black bear (D:6)
  A sky beast (D:6)
  3 centaurs
  A bullfrog (D:6)
  A gnoll sergeant (D:4)
  Dowan (D:5)
  3 electric eels
  3 crimson imps
  3 hounds
  4 orc priests
  2 bullfrog skeletons
  8 orc wizards
  6 worker ants
  2 hound skeletons
  A howler monkey zombie (D:6)
  2 howler monkey skeletons
  10 gnolls
  9 adders
  A shadow imp (D:4)
  3 oozes
  An adder zombie (D:5)
  2 adder skeletons (D:6)
  5 worms
  5 dart slugs
  4 leopard geckos
  40 orcs
  2 ball pythons
  5 giant cockroaches
  8 hobgoblins
  4 jackals (D:2)
  A quokka (D:6)
  11 bats
  5 frilled lizards
  A giant cockroach zombie (D:3)
  4 goblins
  A jackal skeleton (D:4)
  6 kobolds
  2 leopard gecko skeletons (D:4)
  9 rats
  4 fungi (D:6)
197 creatures vanquished.

Vanquished Creatures (others)
  An adder (D:7)
  A plant (D:7)
2 creatures vanquished.

Grand Total: 199 creatures vanquished

Notes
Turn   | Place    | Note
-------+----------+-------------------------------------------
     0 | D:1      | MalarOregon the Minotaur Fighter began the quest for the
                  | Orb.
     0 | D:1      | Reached XP level 1. HP: 19/19 MP: 0/0
    21 | D:1      | Reached skill level 3 in Long Blades
   296 | D:1      | Reached XP level 2. HP: 26/26 MP: 1/1
   669 | D:2      | Reached skill level 4 in Long Blades
   693 | D:2      | Reached XP level 3. HP: 22/31 MP: 2/2
  1063 | D:2      | Reached skill level 5 in Long Blades
  1124 | D:2      | Reached XP level 4. HP: 34/39 MP: 3/3
  1741 | D:3      | Reached skill level 6 in Long Blades
  1824 | D:3      | Reached XP level 5. HP: 21/45 MP: 4/4
  2187 | D:3      | Found an ornate altar of the Wu Jian Council.
  2244 | D:3      | Reached skill level 7 in Long Blades
  2455 | D:3      | Found a deep blue altar of Sif Muna.
  2555 | D:4      | Found Enuenewu's Antique Weapon Shop.
  2594 | D:4      | Found a radiant altar of Vehumet.
  2595 | D:4      | Found a burning altar of Makhleb.
  2647 | D:4      | Reached XP level 6. HP: 48/51 MP: 5/5
  2863 | D:4      | Found an iron altar of Okawaru.
  2913 | D:4      | Reached skill level 8 in Long Blades
  3165 | D:3      | You fall through a shaft!
  3382 | D:4      | Got a jewelled whip
  3600 | D:4      | Reached skill level 9 in Long Blades
  3700 | D:4      | Got a slimy ring mail
  3785 | D:4      | Identified the +6 ring mail of Midsummer {Str+2 Int+2} (You
                  | found it on level 4 of the Dungeon)
  3838 | D:5      | Entered Level 5 of the Dungeon
  3886 | D:5      | Reached XP level 7. HP: 57/57 MP: 6/6
  4045 | D:5      | Noticed Sigmund
  4058 | D:5      | Killed Sigmund
  4058 | D:5      | Reached skill level 10 in Long Blades
  4280 | D:5      | Found a hide-covered altar of Uskayaw.
  4404 | D:5      | Noticed Dowan
  4405 | D:5      | Noticed Duvessa
  4413 | D:5      | Killed Duvessa
  4414 | D:5      | Killed Dowan
  4414 | D:5      | Reached skill level 11 in Long Blades
  4414 | D:5      | Reached XP level 8. HP: 50/64 MP: 7/7
  5580 | D:5      | Reached skill level 12 in Long Blades
  5841 | D:6      | Reached skill level 13 in Long Blades
  6062 | D:6      | Reached XP level 9. HP: 48/70 MP: 8/8
  6488 | D:6      | Reached skill level 14 in Long Blades
  6733 | D:6      | Reached skill level 1 in Dodging
  6757 | D:6      | Found a blossoming altar of Fedhas.
  6759 | D:6      | Reached skill level 1 in Throwing
  7164 | D:6      | Found a staircase to the Ecumenical Temple.
  7234 | Temple   | Entered the Ecumenical Temple
  8165 | D:7      | Reached skill level 5 in Fighting
  8165 | D:7      | Reached skill level 5 in Armour
  8192 | D:7      | Found a snail-covered altar of Cheibriados.
  8214 | D:7      | Reached skill level 5 in Shields
  8241 | D:7      | Killed from afar by an electric eel

Skill      XL: |  1  2  3  4  5  6  7  8  9 |
---------------+----------------------------+-----
Long Blades    | 3 4 5 6 7 9 11 13 14 | 14.0
Dodging        | 3 |  3.1
Fighting       | 5 |  5.1
Throwing       | 2 |  2.6
Armour         | 5 |  5.1
Shields        | 5 |  5.0

Action                   |  1- 3 |  4- 6 |  7- 9 || total
-------------------------+-------+-------+-------++-------
Melee: Long sword        |    86 |   185 |   301 ||   572
       Headbutt          |    13 |    35 |    70 ||   118
 Abil: Evoke Flight      |       |       |     2 ||     2
  Use: Potion            |       |     1 |     2 ||     3
       Scroll            |       |       |    13 ||    13
  Eat: Chunk             |     1 |     9 |    10 ||    20
       Ration            |       |       |     1 ||     1
Armor: Scale mail        |    39 |    55 |       ||    94
       Ring mail         |       |     3 |    56 ||    59
Dodge: Dodged            |    33 |    44 |    77 ||   154
Block: Shield            |    54 |    77 |   101 ||   232
       Rpst.: Long sword |    17 |    13 |    21 ||    51
